AoeStats
← Arakami

Black Forest

509319073Analyzed
4v4 RM · 4d ago on Sep 26, 2026· 62m 37s· 8 players
Game mode
Random Map
Map size
Large (8 player)
Population
200
Speed
Normal
Resources
Standard
Victory
Conquest
Starting age
Dark Age
Ending age
Imperial Age
RankedLock teamsTeams togetherTeam positionsShared explorationLock speedFull tech treeHidden civsTurbo modeCheats
Victory
Defeat
🇨🇳 Turks · China
891
+14
🇪🇸 Khmer · Spain
879
+15
🇨🇳 Portuguese · China
836
+17
🇹🇼 Goths · Taiwan
788
+19
🇩🇪 Spanish · Germany
954
-21
🇳🇴 Vikings · Norway
858
-16
🇮🇹 Celts · Italy
822
-15
🇺🇸 Franks · United States
778
-13
夏天
2:07 Loom
11:56 Feudal Age
14:54 Double-Bit Axe
15:43 Horse Collar
18:32 Castle Age
17:18 Stone Mining
18:05 Gold Mining
20:48 Stone Shaft Mining
20:07 Fletching
20:49 Heavy Plow
23:43 Bow Saw
27:12 Murder Holes
28:41 Pikeman
31:08 Bodkin Arrow
31:36 Ballistics
34:16 Imperial Age
32:06 Squires
33:28 Wheelbarrow
33:34 Anarchy
35:37 Conscription
35:01 Halberdier
38:20 Chemistry
37:23 Scale Mail Armor
37:35 Forging
39:44 Crop Rotation
40:21 Two-Man Saw
39:33 Masonry
40:01 Iron Casting
39:52 Perfusion
39:13 Elite Huskarl
41:37 Blast Furnace
41:51 Chain Mail Armor
41:59 Hand Cart
42:33 Town Watch
44:00 Bracer
44:33 Architecture
47:47 Treadmill Crane
48:12 Caravan
52:35 Man-at-Arms
54:38 Long Swordsman
55:56 Two-Handed Swordsman
56:31 Champion
Subbotai00
0:27 Loom
13:49 Feudal Age
17:57 Castle Age
16:39 Double-Bit Axe
17:47 Horse Collar
19:24 Wheelbarrow
29:15 Ballistics
29:01 Padded Archer Armor
29:02 Scale Mail Armor
29:09 Scale Barding Armor
29:25 Hand Cart
28:56 Town Watch
29:37 Heavy Plow
29:50 Bow Saw
35:03 Imperial Age
32:43 Gold Mining
33:26 Husbandry
33:37 Bloodlines
34:21 Chain Barding Armor
35:39 Gold Shaft Mining
36:16 Murder Holes
37:00 Plate Barding Armor
37:44 Conscription
37:35 Double Crossbow
38:22 Chain Mail Armor
38:35 Siege Engineers
39:01 Heavy Scorpion
39:48 Capped Ram
41:23 Town Patrol
41:26 Caravan
45:05 Light Cavalry
46:38 Leather Archer Armor
46:14 Fletching
46:35 Forging
47:58 Pikeman
49:25 Halberdier
50:55 Ring Archer Armor
56:31 Crop Rotation
56:01 Bodkin Arrow
56:41 Iron Casting
61:50 Coinage
61:02 Siege Ram
猫神TRACK
14:07 Feudal Age
15:20 Horse Collar
15:28 Double-Bit Axe
17:19 Fishing Lines
18:45 Gold Mining
19:15 Fishing Lines
19:44 Fishing Lines
23:56 Castle Age
24:52 Gillnets
24:58 Town Watch
25:49 Wheelbarrow
24:59 Loom
25:39 Heavy Plow
26:25 Bow Saw
28:21 Gold Shaft Mining
27:40 Stone Mining
31:45 Imperial Age
31:23 Town Watch
32:13 Wheelbarrow
31:24 Loom
32:09 Masonry
33:46 Two-Man Saw
33:52 Hand Cart
33:58 Town Patrol
34:33 Thumb Ring
34:22 Fletching
34:33 Padded Archer Armor
34:52 Padded Archer Armor
39:02 Leather Archer Armor
38:43 Bodkin Arrow
38:51 Caravan
42:20 Ring Archer Armor
41:51 Bracer
41:13 Elite Janissary
42:30 Hoardings
41:26 Sappers
42:19 Conscription
42:02 Artillery
46:17 Sipahi
47:37 Sappers
51:02 Redemption
50:52 Atonement
51:04 Fervor
50:54 Devotion
51:15 Sanctity
54:30 Sanctity
54:47 Theocracy
57:32 Scale Barding Armor
57:28 Scale Mail Armor
57:40 Forging
61:26 Heresy
61:53 Faith
觅桃豚
10:13 Loom
13:11 Feudal Age
14:10 Double-Bit Axe
14:08 Horse Collar
17:48 Castle Age
19:19 Fletching
22:31 Gold Mining
30:57 Bow Saw
33:47 Wheelbarrow
32:58 Town Watch
38:40 Imperial Age
42:35 Hand Cart
43:57 Chemistry
43:19 Ballistics
50:40 Stone Mining
52:04 Bodkin Arrow
52:14 Heavy Plow
52:53 Stone Shaft Mining
53:39 Elite Organ Gun
54:39 Conscription
54:22 Bracer
54:45 Siege Engineers
54:23 Treadmill Crane
54:51 Siege Engineers
56:50 Crop Rotation
57:24 Two-Man Saw
56:48 Forging
56:39 Scale Mail Armor
56:44 Scale Barding Armor
56:40 Padded Archer Armor
56:42 Caravan
56:53 Guilds
57:14 Coinage
60:46 Banking
60:59 Arquebus
61:08 Circumnavigation
61:07 Murder Holes
61:23 Fortified Wall
61:25 Masonry
61:36 Bombard Tower
Arakami
0:46 Loom
13:12 Feudal Age
13:54 Double-Bit Axe
19:01 Castle Age
17:52 Fishing Lines
18:46 Horse Collar
20:05 Bow Saw
22:06 Wheelbarrow
25:45 Gillnets
26:46 Bloodlines
26:40 Husbandry
26:51 Scale Barding Armor
30:50 Chain Barding Armor
30:40 Forging
30:51 Hand Cart
31:49 Masonry
34:28 Imperial Age
32:59 Ballistics
33:43 Iron Casting
32:59 Fletching
33:13 Gold Mining
33:14 Stone Mining
34:43 Caravan
35:15 Coinage
36:17 Two-Man Saw
35:54 Architecture
34:47 Cavalier
36:06 Plate Barding Armor
36:32 Blast Furnace
36:17 Guilds
36:17 Heavy Plow
37:49 Stone Shaft Mining
37:47 Banking
36:52 Paladin
40:57 Chemistry
41:19 Fervor
41:51 Conscription
42:12 Hoardings
44:15 Light Cavalry
45:40 Bombard Tower
45:36 Hussar
55:49 Onager
iKalakamalaka
15:07 Feudal Age
15:38 Fishing Lines
15:52 Double-Bit Axe
17:11 Wheelbarrow
16:23 Town Watch
26:46 Castle Age
31:58 Gillnets
34:43 Hand Cart
38:08 Forging
38:04 Scale Barding Armor
38:00 Scale Mail Armor
38:06 Squires
38:10 Husbandry
41:46 Chain Mail Armor
42:26 Hand Cart
43:18 Bow Saw
42:58 Arson
44:17 Gambesons
57:47 Imperial Age
59:27 Cavalier
fede_89-
0:29 Loom
11:00 Feudal Age
11:51 Double-Bit Axe
11:50 Horse Collar
12:15 Gold Mining
14:51 Wheelbarrow
14:07 Town Watch
19:24 Castle Age
18:45 Stone Mining
22:27 Stone Shaft Mining
24:22 Forging
24:19 Scale Barding Armor
24:15 Scale Mail Armor
25:22 Town Watch
26:32 Chain Barding Armor
26:48 Iron Casting
27:03 Husbandry
30:49 Hand Cart
31:10 Padded Archer Armor
31:01 Fletching
31:27 Chain Mail Armor
33:01 Town Patrol
34:40 Stronghold
38:01 Imperial Age
37:48 Bodkin Arrow
38:09 Leather Archer Armor
38:20 Murder Holes
38:47 Heated Shot
39:59 Chemistry
39:14 Cavalier
40:59 Blast Furnace
40:30 Plate Mail Armor
40:01 Capped Ram
41:04 Conscription
41:06 Fortified Wall
41:05 Paladin
44:17 Plate Mail Armor
44:18 Ring Archer Armor
44:52 Furor Celtica
45:01 Onager
47:47 Hoardings
47:42 Ballistics
50:09 Pikeman
51:31 Light Cavalry
56:42 Hussar
warking99
0:35 Loom
17:48 Feudal Age
19:06 Town Watch
19:15 Double-Bit Axe
23:44 Castle Age
22:20 Stone Mining
25:08 Gold Mining
25:30 Bow Saw
25:17 Horse Collar
33:15 Town Patrol
37:02 Heavy Plow
37:19 Scale Mail Armor
37:30 Forging
41:40 Imperial Age
38:55 Man-at-Arms
42:18 Chain Mail Armor
42:38 Iron Casting
43:05 Conscription
42:13 Long Swordsman
42:58 Squires
43:18 Two-Handed Swordsman
43:47 Arson
44:43 Hoardings
45:16 Two-Man Saw
45:04 Onager
46:03 Champion
47:17 Plate Mail Armor
50:22 Blast Furnace
49:13 Fletching
49:35 Caravan
58:49 Elite Varangian Guard
60:30 Siege Engineers
60:47 Ballistics
60:42 Masonry
Connection lost

Rejoining the realm…

Still unreachable

The connection could not be restored.

Session expired

The server has moved on; the page needs a fresh start.